 Dungeon Crawl Stone Soup version 0.19.1 (webtiles) character file.

507 Dfrag the Firebug (level 6, -2/42 HPs)
             Began as a Demonspawn Fire Elementalist on Nov 29, 2016.
             Slain by an orc priest
             ... wielding a +0 short sword
              (6 damage)
             ... on level 4 of the Dungeon.
             The game lasted 00:05:03 (3665 turns).

Dfrag the Firebug (Demonspawn Fire Elementalist)    Turns: 3665, Time: 00:05:04

Health: -2/42      AC:  8    Str:  9    XL:     6   Next: 97%
Magic:  0/12       EV: 11    Int: 18    God:
Gold:   197        SH:  0    Dex: 13    Spells: 2 memorised, 8 levels left

rFire  + . .     SeeInvis .     v - +1 short sword (speed)
rCold  . . .     Gourm    .     q - +2 leather armour {rC+}
rNeg   . . .     Faith    .     (no shield)
rPois  +         Spirit   .     (helmet restricted)
rElec  .         Reflect  .     t - +0 cloak
rCorr  .         Harm     .     p - +0 pair of gloves
MR     .....                    (no boots)
Stlth  +++.......               (no amulet)
                                s - ring of fire
                                r - ring of poison resistance

@: very slightly contaminated
A: antennae 1, rugged brown scales 1, nightstalker 1
a: no special abilities


You were on level 4 of the Dungeon.
You were not hungry.

You visited 1 branch of the dungeon, and saw 5 of its levels.

You collected 197 gold pieces.

Inventory:

Hand Weapons
 l - a +0 club
 v - a +1 short sword of speed (weapon)
Armour
 a - a +0 robe
 p - a +0 pair of gloves (worn)
 q - a +2 leather armour of cold resistance (worn)
 t - a +0 cloak (worn)
 y - a cursed +0 robe
Jewellery
 r - a ring of poison resistance (left hand)
 s - a ring of fire (right hand)
Wands
 x - a wand of lightning (9/15)
Scrolls
 e - a scroll of blinking {unknown}
 i - 2 scrolls of random uselessness {unknown}
 k - a scroll of magic mapping {unknown}
 m - 4 scrolls of identify {unknown}
 n - 3 scrolls of teleportation {unknown}
 o - 2 scrolls of remove curse {unknown}
 u - 3 scrolls of recharging {unknown}
 A - a scroll of enchant armour {unknown}
 B - a scroll of noise {unknown}
 C - a scroll of enchant weapon {unknown}
Potions
 d - a potion of brilliance
 w - a potion of magic {unknown}
 z - a potion of curing {unknown}
 D - 2 potions of ambrosia {unknown}
 E - a potion of might {unknown}
Books
 b - a book of Flames

   Spells                             Type                      Level
   a - Flame Tongue                   Conjuration/Fire             1
   b - Throw Flame                    Conjuration/Fire             2
   c - Conjure Flame                  Conjuration/Fire             3
   d - Inner Flame                    Hexes/Fire                   3
   e - Sticky Flame                   Conjuration/Fire             4
   f - Fireball                       Conjuration/Fire             5
Comestibles
 c - 4 bread rations
 f - 3 beef jerkies
 g - a chunk of flesh
 h - a slice of pizza


   Skills:
 - Level 1.7 Dodging
 - Level 1.7 Stealth
 + Level 4.2 Spellcasting
 + Level 4.1 Conjurations
 + Level 4.7 Fire Magic


You had 8 spell levels left.
You knew the following spells:

 Your Spells              Type           Power        Failure   Level  Hunger
a - Flame Tongue          Conj/Fire      ####.        3%          1    None
b - Sticky Flame          Conj/Fire      ####....     34%         4    ####...


Dungeon Overview and Level Annotations

Branches:
Dungeon (5/15)
 Temple: D:4-7

Altars:
Ashenzari
Yredelemnul

Annotations:
D:3 severenz's ghost, amateur TrIE
D:5 Grinder


Innate Abilities, Weirdness & Mutations

You have a pair of small antennae on your head.
You are partially covered in rugged brown scales. (AC +1, +3% HP)
You are slightly more attuned to the shadows.


Message History

Casting: Flame Tongue
Confirm with . or Enter, or press ? or * to list all spells.
Aiming: Flame Tongue
Press: ? - help, Shift-Dir - straight line, f/p - orc priest
Aim: an orc priest, wielding a short sword and wearing a chain mail (heavily wounded)
You feel a surge of power!
The flame tongue hits the orc priest.
The orc priest appears unharmed.
The orc priest is heavily wounded.
The orc priest hits you but does no damage.
Casting: Flame Tongue
Confirm with . or Enter, or press ? or * to list all spells.
You don't have enough magic to cast that spell.
Unknown command.
You closely miss the orc priest.
The orc priest is heavily wounded.
The orc priest hits you but does no damage.
You closely miss the orc priest.
The orc priest is heavily wounded.
The orc priest hits you with a short sword.
You die...

#.. #.# #.#
#############################.#
#............)................#
#.###########......###........#
#.# #.####.# #.######.#
#.###########.####.# #.# #.#
#.(...........@o.#.# #.# #..
#############.##.#.###.########
...........................(.
.......................######
.......#######.#.#.#....#
..####..o......#.#.####.## .
#.....{{.{...#.#.......#
#.##########.#.#######.####
#.#....{..{..#.............


You could see an orc priest.

Vanquished Creatures
  A phantom (D:4)
  A water moccasin skeleton (D:4)
  A hound (D:5)
  4 orc priests (D:5)
  An orc wizard (D:5)
  An iguana (D:5)
  2 worker ants (D:4)
  A worker ant zombie (D:4)
  3 adders
  An ooze (D:3)
  An adder skeleton (D:3)
  2 dart slugs
  A leopard gecko (D:1)
  13 orcs
  6 bats
  5 giant cockroaches
  9 hobgoblins
  2 kobolds (D:2)
  A quokka (D:2)
  A ball python (D:2)
  A ball python skeleton (D:4)
  2 frilled lizards
  5 goblins
  5 rats
70 creatures vanquished.

Notes
Turn   | Place    | Note
-------+----------+-------------------------------------------
     0 | D:1      | Dfrag the Demonspawn Fire Elementalist began the quest for the Orb.
     0 | D:1      | Reached XP level 1. HP: 13/13 MP: 3/3
   546 | D:1      | Gained mutation: You are slightly more attuned to the shadows. [demonic ancestry]
   546 | D:1      | Reached XP level 2. HP: 14/19 MP: 1/5
   744 | D:2      | Gained mutation: You have a pair of small antennae on your head. [demonic ancestry]
   744 | D:2      | Reached XP level 3. HP: 24/24 MP: 0/6
   884 | D:2      | Found a shattered altar of Ashenzari.
  1068 | D:2      | Found a faded altar of an unknown god.
  1541 | D:3      | Reached XP level 4. HP: 27/30 MP: 3/8
  1724 | D:3      | Noticed severenz's ghost (amateur TrIE)
  1936 | D:2      | Learned a level 4 spell: Sticky Flame
  2391 | D:4      | Noticed a phantom
  2399 | D:5      | Entered Level 5 of the Dungeon
  2436 | D:5      | Noticed Grinder
  2593 | D:5      | Reached XP level 5. HP: 35/35 MP: 0/9
  2790 | D:5      | Found a basalt altar of Yredelemnul.
  2922 | D:5      | Gained mutation: You are partially covered in rugged brown scales. (AC +1, +3% HP) [demonic ancestry]
  2922 | D:5      | Reached XP level 6. HP: 15/42 MP: 0/11
  3322 | D:4      | HP: 2/42 [orc priest/divine providence (10)]
  3665 | D:4      | Slain by an orc priest

Skill      XL: |  1  2  3  4  5  6 |
---------------+-------------------+-----
Conjurations   | 2 3 4 |  4.1
Fire Magic     | 3 4 |  4.7
Spellcasting   | 3 4 |  4.2
Dodging        | |  1.7
Stealth        | |  1.7

Action                   |  1- 3 |  4- 6 || total
-------------------------+-------+-------++-------
Melee: Club              |    19 |       ||    19
       Short sword       |    10 |    55 ||    65
 Cast: Flame Tongue      |    50 |    97 ||   147
  Use: Potion            |       |     3 ||     3
  Eat: Chunk             |     2 |     6 ||     8
       Pizza             |       |     1 ||     1
Armor: Leather armour    |    20 |    30 ||    50
Dodge: Dodged            |    35 |    35 ||    70
